 Dungeon Crawl Stone Soup version 0.19.5 (console) character file.

9365 lanroth the Spear-Bearer (level 11, -2/89 HPs)
             Began as a Minotaur Abyssal Knight on Mar 17, 2017.
             Was the Champion of Lugonu.
             Slain by an orc warlord
             ... wielding a +0 battleaxe
              (24 damage)
             ... on level 9 of the Dungeon on Mar 28, 2017.
             The game lasted 01:22:38 (9017 turns).

lanroth the Spear-Bearer (Minotaur Abyssal Knight)  Turns: 9017, Time: 01:22:39

Health: -2/89      AC: 11    Str: 22    XL:     11   Next: 22%
Magic:  10/10      EV: 21    Int:  6    God:    Lugonu [******]
Gold:   1182       SH:  6    Dex: 21    Spells: 0 memorised, 10 levels left

rFire  + . .     SeeInvis +     g - +2 trident {freeze, rElec MR+ SInv}
rCold  x . .     Gourm    +     p - +0 troll leather armour {Purgy}
rNeg   . . .     Faith    .     R - +0 buckler
rPois  .         Spirit   .     (helmet restricted)
rElec  +         Reflect  .     b - +2 cloak
rCorr  .         Harm     .     (no gloves)
MR     ++...                    s - +2 pair of boots of Lesser Demons {rElec MR+ Int-3}
Stlth  +++.......               U - amulet "Kaarghel" {Gourm rC- Str+5 Dex+6}
                                x - +3 ring of slaying
                                E - +5 ring of evasion

@: very slightly contaminated
A: retaliatory headbutt, horns 2, agile 1, fire resistance 1, frail 1, low mp 1,
evolution 1
a: Depart the Abyss, Bend Space, Banish, Corrupt, Enter the Abyss, Brand Weapon
With Distortion, Renounce Religion


You were on level 9 of the Dungeon.
You worshipped Lugonu.
Lugonu was exalted by your worship.
You were completely stuffed.

You visited 2 branches of the dungeon, and saw 11 of its levels.
You visited the Abyss 1 time.
You also visited: Sewer and Ossuary.

You collected 1182 gold pieces.

Inventory:

Hand Weapons
 g - the +2 trident "Beetlebane" (weapon) {freeze, rElec MR+ SInv}
   (You found it on level 5 of the Dungeon)

   It has been specially enchanted to freeze those struck by it, causing extra
   injury to most foes and up to half again as much damage against particularly
   susceptible opponents.
   It can also slow down cold-blooded creatures.
   It insulates you from electricity.
   It affects your resistance to hostile enchantments.
   It lets you see invisible.
 y - a +0 short sword of electrocution
 G - a +4 scimitar of flaming
 I - a +2 war axe of flaming
 P - a +4 quarterstaff of chaos
 Q - a +4 short sword of draining
 T - the +1 long sword of the Silent Majority {venom, Int+3 SInv}
   (You found it on level 7 of the Dungeon)

   It poisons the flesh of those it strikes.
   It affects your intelligence (+3).
   It lets you see invisible.
Missiles
 h - 8 exploding tomahawks
 k - 5 silver tomahawks
 m - 333 stones
 r - 9 javelins
 t - 13 tomahawks
 z - 2 javelins of returning (quivered)
 H - a throwing net
Armour
 b - a +2 cloak (worn)
 p - a +0 troll leather armour (worn) {Purgy}
 s - the +2 pair of boots of Lesser Demons (worn) {rElec MR+ Int-3}
   (You acquired it on level 7 of the Dungeon)

   It affects your intelligence (-3).
   It insulates you from electricity.
   It affects your resistance to hostile enchantments.
 R - a +0 buckler (worn)
 Z - a +0 plate armour
Jewellery
 v - an uncursed ring of magical power
 x - a +3 ring of slaying (right hand)
 E - a +5 ring of evasion (left hand)
 U - the amulet "Kaarghel" (around neck) {Gourm rC- Str+5 Dex+6}
   (You found it on level 9 of the Dungeon)

   [amulet of the gourmand]

   It allows you to eat raw meat even when not hungry.
   It affects your strength (+5).
   It affects your dexterity (+6).
   It makes you vulnerable to cold.
Wands
 l - a wand of flame (15/48)
 V - a wand of disintegration (11/24)
Scrolls
 d - a scroll of holy word
 e - 2 scrolls of fog
 f - 5 scrolls of remove curse
 i - 2 scrolls of identify
 w - a scroll of teleportation
 C - a scroll of brand weapon
 D - a scroll of amnesia
 S - a scroll of fear {unknown}
 Y - a scroll of summoning {unknown}
Potions
 a - 3 potions of flight
 n - 3 potions of brilliance
 o - a potion of invisibility
 A - a potion of cancellation
 B - a potion of agility
 F - 4 potions of curing
 J - 2 potions of might
 K - a potion of haste
 L - a potion of magic
 O - 2 potions of heal wounds
Comestibles
 c - 9 bread rations
 j - 20 chunks of flesh
 q - 3 meat rations
 N - a beef jerky


   Skills:
 + Level 9.6 Fighting
 + Level 3.8 Long Blades
 + Level 13.2 Polearms
 + Level 6.5 Throwing
 + Level 6.0 Armour
 + Level 5.4 Dodging
 + Level 3.2 Stealth
 + Level 3.1 Shields
 + Level 2.2 Invocations


You had 10 spell levels left.
You didn't know any spells.

Dungeon Overview and Level Annotations

Branches:
Dungeon (9/15)             Temple (0/1) D:5             Orc (2/2) D:9
   Lair: D:8-11         Elf: Orc:2

Altars:
Ashenzari
Dithmenos
Elyvilon
Hepliaklqana
Nemelex Xobeh
Okawaru
Qazlal
Ru
Sif Muna
Trog
Vehumet
The Shining One
Beogh


Innate Abilities, Weirdness & Mutations

You reflexively headbutt those who attack you in melee.
You have a pair of horns on your head.
You are agile. (Dex +2)
Your flesh is heat resistant. (rF+)
You are frail. (-10% HP)
Your magical capacity is low. (-10% MP)
You evolve.


Message History

You hit the orc warlord but do no damage.
You block the orc's attack.
You hit the orc warlord but do no damage.
The orc barely misses you.
You puncture the orc warlord! You freeze the orc warlord.
The orc warlord is lightly wounded.
The orc warlord closely misses you. You furiously retaliate!
You headbutt the orc warlord. You puncture the orc warlord!
You freeze the orc warlord.
The orc warlord is moderately wounded.
You hit the orc warlord. You freeze the orc warlord.
You headbutt the orc warlord.
The orc warlord is moderately wounded.
The orc warlord hits you with a battleaxe!!
* * * LOW HITPOINT WARNING * * *
The orc closely misses you.
You hit the orc warlord. You freeze the orc warlord.
You headbutt the orc warlord.
The orc warlord is moderately wounded.
You hit the orc warlord. You freeze the orc warlord.
You headbutt the orc warlord!
The orc warlord is heavily wounded.
The orc warlord hits you with a battleaxe!!
You die...

### ##### ##_## #####...## ##.#.## ###........#
#.#...# ##........#.# #...#.# #......####.# ##.#..#
########## ##...#### #.# ##..## #........# #...## #.#
##..#.# #....<...# ##...# #.# #).#..# #........#
####...## #.# #.#...###........####......# #.#
########### ##(.###...........#.......## #.#######
#.........# ###.##..................### #.......#
#.........# #......##........#...#### #.......#
#.........# #......##..>.....##### ##########.......#
#..>......#
#########........##.#######...<............#
#.........# #........##.......#................#
#.........#### ####...##########..................#
#............# ###....# ##.................#
#............# ####.#### #@#####..#........#
#.........÷..# #.)..## #o# #..#........#
##########...### ######## ####..####o## ##..........#
#######.....###......# ##....#O.## #..#####.####
#....##...).)##......# ####.....###..## #.#
#....##.....).#......### #.....##....# ##.##
#....##...#............## #>.......#..###...##
#....##...##.......###..#########.[..........#..#..#
#...#....###.................................#.###.#
#...#.##.†##...........##########............#.###.##
##...#.###..###.........# #####.....|........##...##
#...##.#
##...).........######.................##.....##
##...##.#
#####............##..###.....#.###...#.......#
#...###.# ####...............##
#######.####..#..._...# ##...#
#.#####.............##...# #..##....#.......# ##...##
#.#.....####..#...######.# #####.###....##.....##
##...## #...#####
#..#........#.#####.........<...##...## #...##
#..#########..##...###.........###.....)....#####
...## #...................####.............#.[......#
..## ##................#.# ###.................#####
..# ##...####.####......###...............#(### .##
#.....##...#....>.............<....##..(.# .#
#.#..##.....#......................###.#.## ##
#.#..##......#.......###.#................## #
#.#...'.._....................########.....##
##########.#[..#.....##.....>....####..## #..#....#
...........#..#......##........#.#####..## #.#######
############..##.#.####..................#####.#
#..####.##.#......######............###
#.................# #######........#
#..............#### ##.......# ###....####....#
#.......# ###### ###### #########


You could see an orc warlord, a two-headed ogre and an orc.

Vanquished Creatures
  An orc warlord (Orc:1)
  Erica (D:8)
  The ghost of Archimedus the Destroyer, a novice GrWz of Vehumet (D:8)
  A troll (D:9)
  3 two-headed ogres
  A hippogriff (D:9)
  A hungry ghost (D:9)
  2 wargs (Orc:1)
  Edmund (D:5)
  Purgy (D:3)
  An ice beast (D:8)
  2 sky beasts
  2 black bears
  2 phantoms
  14 orc warriors
  7 ogres
  3 centaurs
  A big kobold (D:7)
  2 bullfrogs
  A water moccasin zombie (D:8)
  4 scorpions
  8 killer bees
  3 wights (D:8)
  2 crimson imps
  A centaur zombie (D:3)
  3 hounds
  2 bullfrog skeletons
  3 centaur skeletons
  A gnoll shaman (D:5)
  5 orc priests
  Crazy Yiuf (D:7)
  An iron imp (D:9)
  3 iguanas
  16 orc wizards
  6 worker ants
  9 mummies
  Robin (D:3)
  4 gnolls (D:5)
  15 adders
  A river rat (D:5)
  A shadow imp (D:7)
  An ooze (D:6)
  An adder skeleton (D:9)
  3 worms
  5 dart slugs
  8 leopard geckos
  55 orcs
  6 giant cockroaches
  A gnoll zombie (Ossuary)
  13 goblins
  9 hobgoblins
  10 jackals
  7 quokkas
  6 ball pythons
  11 bats
  10 frilled lizards
  4 hobgoblin zombies
  18 kobolds
  3 kobold skeletons (D:9)
  6 kobold zombies
  6 orc zombies
  11 rats
  3 plants (Sewer)
335 creatures vanquished.

Notes
Turn   | Place    | Note
-------+----------+-------------------------------------------
     0 | Abyss:1  | lanroth the Minotaur Abyssal Knight began the quest for the Orb.
     0 | Abyss:1  | Reached XP level 1. HP: 19/19 MP: 1/1
    63 | Abyss:1  | Noticed a hellwing
    66 | Abyss:1  | Noticed a bone dragon
    80 | D:1      | Escaped the Abyss
   292 | D:1      | Reached XP level 2. HP: 27/27 MP: 2/2
   401 | D:1      | Reached * piety under Lugonu
   759 | D:2      | Reached XP level 3. HP: 32/33 MP: 3/3
  1010 | D:2      | Reached skill level 3 in Polearms
  1030 | D:2      | Found a shattered altar of Ashenzari.
  1476 | D:3      | Reached skill level 1 in Throwing
  1476 | D:3      | Reached XP level 4. HP: 40/41 MP: 4/4
  1484 | D:3      | Reached ** piety under Lugonu
  1521 | D:3      | Noticed Robin
  1542 | D:3      | Reached skill level 4 in Polearms
  1552 | D:3      | Killed Robin
  1810 | D:3      | Reached XP level 5. HP: 47/47 MP: 5/5
  1880 | D:3      | Noticed Purgy
  1912 | D:3      | Killed Purgy
  1912 | D:3      | Reached skill level 5 in Polearms
  2448 | D:3      | Reached XP level 6. HP: 53/53 MP: 6/6
  2630 | D:4      | Reached *** piety under Lugonu
  2734 | D:4      | Reached skill level 6 in Polearms
  2838 | D:4      | Reached XP level 7. HP: 58/60 MP: 7/7
  3031 | D:5      | Entered Level 5 of the Dungeon
  3031 | D:5      | Found a radiant altar of Vehumet.
  3031 | D:5      | Noticed Edmund
  3045 | D:5      | Killed Edmund
  3045 | D:5      | Reached skill level 5 in Fighting
  3064 | D:5      | Reached skill level 5 in Armour
  3071 | D:5      | Got a warped trident
  3103 | D:5      | Reached skill level 7 in Polearms
  3128 | D:5      | Identified the +2 trident "Beetlebane" {freeze, rElec MR+ SInv} (You found it on level 5 of the Dungeon)
  3151 | D:5      | Found a white marble altar of Elyvilon.
  3151 | D:5      | Found an iron altar of Okawaru.
  3193 | D:5      | Found a sand-covered staircase.
  3218 | Ossuary  | Entered an ossuary
  3578 | D:5      | Found a glowing drain.
  3587 | Sewer    | Entered a sewer
  3693 | Sewer    | Reached **** piety under Lugonu
  4180 | Sewer    | Gained mutation: You are partially covered in large bone plates. (SH +4) [potion of mutation]
  4180 | Sewer    | Gained mutation: Armour fits poorly on your strangely shaped body. [potion of mutation]
  4542 | D:5      | Reached XP level 8. HP: 69/69 MP: 8/8
  4620 | D:5      | Found a staircase to the Ecumenical Temple.
  4625 | D:5      | Reached skill level 8 in Polearms
  4961 | D:6      | Gained mutation: Your spells are a little harder to cast, but a little more powerful. [mutagenic meat]
  4961 | D:6      | Gained mutation: Your magical capacity is low. (-10% MP) [potion of mutation]
  4961 | D:6      | Gained mutation: You have a pair of large horns on your head. [potion of mutation]
  5053 | D:6      | Found a shadowy altar of Dithmenos.
  5060 | D:6      | Found a sacrificial altar of Ru.
  5061 | D:6      | Found a bloodstained altar of Trog.
  5062 | D:6      | Found a hazy altar of Hepliaklqana.
  5138 | D:6      | Found a deep blue altar of Sif Muna.
  5284 | D:6      | Reached skill level 1 in Stealth
  5311 | D:6      | Reached skill level 9 in Polearms
  5617 | D:7      | Found a runed door.
  5719 | D:7      | Noticed Crazy Yiuf
  5720 | D:7      | Killed Crazy Yiuf
  5904 | D:7      | Identified a scroll of acquirement
  5906 | D:7      | Got a pair of brightly glowing boots
  5912 | D:7      | Identified the +2 pair of boots of Lesser Demons {rElec MR+ Int-3} (You acquired it on level 7 of the Dungeon)
  6064 | D:7      | Reached XP level 9. HP: 72/78 MP: 8/8
  6158 | D:7      | Got a brightly glowing long sword
  6159 | D:7      | Identified the cursed +1 long sword of the Silent Majority {venom, Int+3 SInv} (You found it on level 7 of the Dungeon)
  6166 | D:7      | Reached skill level 10 in Polearms
  6177 | D:7      | Reached ***** piety under Lugonu
  6593 | D:8      | Reached skill level 1 in Long Blades
  6606 | D:8      | Lost mutation: Armour fits poorly on your strangely shaped body. [potion of cure mutation]
  6606 | D:8      | Lost mutation: You have a pair of large horns on your head. [potion of cure mutation]
  6606 | D:8      | Lost mutation: You are partially covered in large bone plates. (SH +4) [potion of cure mutation]
  6606 | D:8      | Lost mutation: Your spells are a little harder to cast, but a little more powerful. [potion of cure mutation]
  6674 | D:8      | Noticed Archimedus's ghost (novice GrWz)
  6690 | D:8      | Killed Archimedus's ghost
  6690 | D:8      | Reached skill level 1 in Shields
  6865 | D:8      | Noticed Erica
  6908 | D:8      | Killed Erica
  6908 | D:8      | Reached skill level 11 in Polearms
  7288 | D:8      | Reached XP level 10. HP: 74/88 MP: 9/9
  7434 | D:9      | Found a staircase to the Orcish Mines.
  7460 | D:9      | Got a heavily runed garnet amulet
  7461 | D:9      | Identified the amulet "Kaarghel" {Gourm rC- Str+5 Dex+6} (You found it on level 9 of the Dungeon)
  7474 | D:9      | Gained mutation: You are agile. (Dex +2) [mutagenic meat]
  7475 | D:9      | Gained mutation: Your flesh is heat resistant. (rF+) [mutagenic meat]
  7477 | D:9      | Gained mutation: You are frail. (-10% HP) [mutagenic meat]
  7478 | D:9      | Gained mutation: You evolve. [mutagenic meat]
  7526 | D:9      | Found a glowing golden altar of the Shining One.
  7650 | D:9      | Found a sparkling altar of Nemelex Xobeh.
  7724 | D:9      | Found a stormy altar of Qazlal.
  7859 | D:9      | Reached skill level 12 in Polearms
  7994 | Orc:1    | Entered Level 1 of the Orcish Mines
  8056 | Orc:1    | Found a roughly hewn altar of Beogh.
  8252 | Orc:1    | Reached skill level 5 in Throwing
  8268 | Orc:1    | Reached skill level 5 in Dodging
  8394 | Orc:1    | Noticed a wolf spider
  8394 | Orc:1    | Noticed a wolf spider
  8395 | Orc:1    | Noticed a wolf spider
  8497 | Orc:1    | Noticed an orc warlord
  8527 | Orc:1    | Killed an orc warlord
  8527 | Orc:1    | Reached XP level 11. HP: 35/87 MP: 10/10
  8657 | Orc:1    | Reached skill level 13 in Polearms
  8819 | Orc:2    | Entered Level 2 of the Orcish Mines
  8928 | Orc:2    | Reached ****** piety under Lugonu
  8977 | Orc:2    | Noticed an orc warlord
  8978 | Orc:2    | Noticed an ogre mage
  8981 | Orc:2    | Noticed an ogre mage
  9017 | D:9      | Slain by an orc warlord

Skill      XL: |  1  2  3  4  5  6  7  8  9 10 11 |
---------------+----------------------------------+-----
Invocations    | 2 |  2.2
Fighting       | 4 5 6 8 9 |  9.6
Polearms       | 3 4 5 6 7 9 11 12 13 | 13.2
Throwing       | 1 2 3 4 6 |  6.5
Armour         | 3 4 5 6 |  6.0
Dodging        | 2 4 5 |  5.4
Stealth        | 1 2 3 |  3.2
Long Blades    | 3 |  3.8
Shields        | 2 3 |  3.1

Action                   |  1- 3 |  4- 6 |  7- 9 | 10-12 || total
-------------------------+-------+-------+-------+-------++-------
Melee: Spear             |   139 |   163 |    43 |       ||   345
       Headbutt          |    16 |    22 |    41 |    45 ||   124
       Trident           |       |       |   272 |   202 ||   474
       Long sword        |       |       |    19 |       ||    19
Throw: Stone             |    45 |    11 |       |       ||    56
       Javelin           |       |    15 |    40 |    52 ||   107
Invok: Depart the Abyss  |     1 |       |       |       ||     1
  Use: Scroll            |     5 |     4 |    11 |     2 ||    22
       Potion            |     1 |     6 |     7 |     2 ||    16
 Stab: Sleeping          |       |       |     2 |     2 ||     4
       Distracted        |       |       |     1 |     2 ||     3
  Eat: Chunk             |     2 |     5 |    11 |    28 ||    46
       Beef jerky        |       |       |     1 |       ||     1
       Pizza             |       |       |     2 |       ||     2
Armor: Chain mail        |    35 |    52 |       |       ||    87
       Leather armour    |     1 |       |       |       ||     1
       Troll leather arm |       |     9 |    30 |    18 ||    57
Dodge: Dodged            |    33 |    40 |   156 |    84 ||   313
Block: Other             |       |       |     4 |       ||     4
       Buckler           |       |       |    21 |    29 ||    50
       Rpst.: Long sword |       |       |     8 |       ||     8
